 Dungeon Sprint DCSS version 0.29-a0-802-g34511f41fd (webtiles) character file.

Game seed: 4609191817089389433

1209 mhtbhm the Grappler (level 8, -16/86 HPs)
             Began as a Troll Transmuter on July 3, 2022.
             Was an Initiate of Gozag.
             Demolished by a boulder beetle (40 damage)
             ... in the Dungeon (Sprint IX: "|||||||||||||||||||||||||||||").
             The game lasted 00:01:37 (282 turns).

mhtbhm the Grappler (Troll Transmuter)               Turns: 282, Time: 00:01:37

Health: -16/86     AC:  7    Str: 21    XL:     8   Next: 22%
Magic:  10/14      EV: 12    Int:  9    God:    Gozag
Gold:   810        SH:  0    Dex: 13    Spells: 7/17 levels left

rFire   x . .      SeeInvis .     - Unarmed
rCold   + + +      Faith    .   (shield currently unavailable)
rNeg    . . .      Spirit   .   (body armour currently unavailable)
rPois   +          Reflect  .   (helmet currently unavailable)
rElec   .          Harm     .   (cloak currently unavailable)
rCorr   .          Rampage  .   (gloves unavailable)
Will    .....      NoTele   +   (boots unavailable)
Stlth   +.........              (no amulet)
HPRegen 1.04/turn               k - +3 ring of dexterity
MPRegen 0.14/turn               l - +2 ring of protection

@: ice-form, wereblooded
A: freezing attack, amphibious, boosted hp, large, unfitting armour, (claws 3),
regeneration 1, (shaggy fur 1), (tough skin 1)
a: End Transformation, Renounce Religion, Potion Petition, Call Merchant, Bribe
Branch


You were in the Dungeon.
You worshipped Gozag.
Gozag was pleased with you.
You were a creature of crystalline ice.
You visited 1 branch You collected 810 gold pieces.

Inventory:

Armour
 a - a +0 robe (melded)
Jewellery
 k - a +3 ring of dexterity (left front paw)
 l - a +2 ring of protection (right front paw)
Wands
 j - a wand of quicksilver (7)
Scrolls
 i - 2 scrolls of amnesia
Potions
 b - a potion of invisibility
 c - 5 potions of curing
 d - a potion of heal wounds
 e - a potion of haste
 f - 4 potions of magic
 g - a potion of berserk rage


   Skills:
 + Level 2.3 Fighting
 + Level 6.0 Dodging
 + Level 0.5 Stealth
 + Level 13.0 Unarmed Combat
 + Level 5.2 Spellcasting
 + Level 5.3 Transmutations
 + Level 0.8 Evocations


You had 7 spell levels left.
You knew the following spells:

 Your Spells              Type           Power      Damage    Failure   Level
a - Beastly Appendage     Tmut           24%        N/A       2%          1
b - Wereblood             Tmut           12%        N/A       4%          2
c - Spider Form           Tmut/Pois      7%         N/A       24%         3
d - Ice Form              Ice/Tmut       7%         N/A       63%         4

Your spell library contained the following spells:

 Spells                   Type           Power      Damage    Failure   Level


Dungeon Overview and Level Annotations

Branches:
Dungeon (1/1)

Altars:
Cheibriados
Dithmenos
Elyvilon
Fedhas
Gozag
Hepliaklqana
Kikubaaqudgha
Makhleb
Nemelex Xobeh
Okawaru
Qazlal
Ru
Sif Muna
Trog
Uskayaw
Vehumet
Wu Jian
Xom
Yredelemnul
Zin
The Shining One
Jiyva
Lugonu


Innate Abilities, Weirdness & Mutations

You are a creature of crystalline ice.
You have a powerful freezing melee attack.
You are amphibious.
Your maximum health is increased.
Your armour is entirely melded.
You are incapable of wielding weapons or throwing items.
You are too large for most types of armour.
((You have claws for hands.))
Your natural rate of healing is unusually fast.
((You are covered in fur. (AC +1)))
((You have tough skin. (AC +1)))


Message History

The boulder beetle is severely wounded.
The boulder beetle closely misses you.
You hit the boulder beetle but do no damage.
The boulder beetle is severely wounded.
The boulder beetle bites you!!
You hit the boulder beetle but do no damage.
The boulder beetle is severely wounded.
The boulder beetle bites you!!
The boulder beetle leaps!
You hit the boulder beetle but do no damage.
The boulder beetle is severely wounded.
The boulder beetle bites you!!
* * * LOW HITPOINT WARNING * * *
The boulder beetle leaps!
You punch the boulder beetle! You freeze the boulder beetle.
The boulder beetle is almost dead.
Unknown command.
You feel much better.
The boulder beetle leaps!
Unknown command.
You hit the wraith but do no damage. The wraith hits you.
The boulder beetle curls into a ball and begins rolling!
You barely miss the wraith. The wraith hits you!
* * * LOW HITPOINT WARNING * * *
Unknown command.
You pummel the wraith!! You freeze the wraith.
The wraith is severely damaged.
The boulder beetle leaps!
The wraith hits you but does no damage.
Blink to where?
Press: ? - help, Dir - move target
As you read the scroll of blinking, it crumbles to dust.
The boulder beetle closely misses you.
Unknown command.
You hit the boulder beetle but do no damage.
You hit the boulder beetle. You freeze the boulder beetle.
The boulder beetle is lightly wounded.
The boulder beetle closely misses you.
You hit the boulder beetle. You freeze the boulder beetle.
The boulder beetle is lightly wounded.
The boulder beetle leaps!
The boulder beetle hits you!!!
You die...
Your body crumbles into a pile of gold. $$$$$ $$$$$ $ $ $ $$$$$ $ $ ▓▓▓▓▓▓▓▓▓▓▓▓▓▓▓▓▓▓▓▓▓▓▓▓▓▓▓▓▓▓▓ ______'..).[)[)○YB°°°.W'.HDc..+ ▓▓▓▓▓▓▓▓▓▓▓▓▓▓▓▓▓▓▓▓▓▓▓▓▓▓▓▓▓▓▓

You could see a boulder beetle (rolling) and a wraith.

Vanquished Creatures
  A two-headed ogre (D)
  A yak (D)
  A vampire mosquito (D)
  An acid dragon (D)
  A centaur (D)
  A phantom (D)
  A jelly (D)
  A gnoll bouda (D)
  An iguana (D)
  An adder (D)
  A white imp (D)
  A bat (D)
  2 goblins (D)
  A kobold (D)
  A ball python (D)
16 creatures vanquished.

Notes
Turn   | Place    | Note
-------+----------+-------------------------------------------
     0 | D        | mhtbhm the Troll Transmuter began the quest for the Orb.
     0 | D        | Reached XP level 1. HP: 18/18 MP: 1/1
    37 | D        | Noticed a phantom
    37 | D        | Noticed a jelly
    37 | D        | Noticed an iguana
    49 | D        | Killed a phantom
    50 | D        | Reached skill level 1 in Fighting
    50 | D        | Reached skill level 6 in Unarmed Combat
    50 | D        | Reached XP level 2. HP: 27/27 MP: 2/4
    50 | D        | Reached XP level 3. HP: 33/33 MP: 2/5
    50 | D        | Reached XP level 4. HP: 41/41 MP: 2/6
    55 | D        | Reached skill level 7 in Unarmed Combat
    57 | D        | Reached skill level 8 in Unarmed Combat
    57 | D        | Reached XP level 5. HP: 48/48 MP: 2/8
   111 | D        | Learned a level 2 spell: Wereblood
   115 | D        | Learned a level 3 spell: Spider Form
   119 | D        | Found a snail-covered altar of Cheibriados.
   119 | D        | Found a shadowy altar of Dithmenos.
   119 | D        | Found a white marble altar of Elyvilon.
   119 | D        | Found a blossoming altar of Fedhas.
   119 | D        | Found an opulent altar of Gozag.
   120 | D        | Found a hazy altar of Hepliaklqana.
   121 | D        | Found a viscous altar of Jiyva.
   122 | D        | Found an ancient bone altar of Kikubaaqudgha.
   123 | D        | Found a corrupted altar of Lugonu.
   124 | D        | Found a burning altar of Makhleb.
   125 | D        | Found a sparkling altar of Nemelex Xobeh.
   126 | D        | Found an iron altar of Okawaru.
   127 | D        | Became a worshipper of Gozag Ym Sagoz the Greedy
   128 | D        | Found a stormy altar of Qazlal.
   129 | D        | Found a sacrificial altar of Ru.
   130 | D        | Found a shimmering blue altar of Sif Muna.
   131 | D        | Found a bloodstained altar of Trog.
   132 | D        | Found a hide-covered altar of Uskayaw.
   133 | D        | Found a radiant altar of Vehumet.
   134 | D        | Found an ornate altar of the Wu Jian Council.
   135 | D        | Found a shimmering altar of Xom.
   136 | D        | Found a basalt altar of Yredelemnul.
   137 | D        | Found a glowing silver altar of Zin.
   138 | D        | Found a glowing golden altar of the Shining One.
   166 | D        | Noticed a vampire mosquito
   166 | D        | Noticed an acid dragon
   166 | D        | Noticed a two-headed ogre
   166 | D        | Noticed a centaur
   166 | D        | Noticed a yak
   172 | D        | Killed a vampire mosquito
   173 | D        | Reached skill level 9 in Unarmed Combat
   173 | D        | Reached XP level 6. HP: 31/55 MP: 5/10
   190 | D        | Learned a level 4 spell: Ice Form
   202 | D        | Killed an acid dragon
   203 | D        | Reached skill level 10 in Unarmed Combat
   209 | D        | Killed a two-headed ogre
   210 | D        | Reached skill level 5 in Dodging
   210 | D        | Reached skill level 12 in Unarmed Combat
   210 | D        | Reached skill level 5 in Spellcasting
   210 | D        | Reached skill level 5 in Transmutations
   210 | D        | Reached XP level 7. HP: 24/65 MP: 7/13
   210 | D        | Reached XP level 8. HP: 27/72 MP: 7/14
   216 | D        | Reached skill level 13 in Unarmed Combat
   268 | D        | Noticed a boulder beetle
   268 | D        | Noticed a manticore
   268 | D        | Noticed a four-headed hydra
   268 | D        | Noticed a centaur warrior
   268 | D        | Noticed a boulder beetle
   282 | D        | Demolished by a boulder beetle

Illustrated notes

Levels and vault maps discovered:
D:        linesprint [early_d, line_temple, items_1, d_10, items_2, lair_1,
          lair_end, items_3, orc_1, orc_end, items_4, d_15, swamp_1, shoals_1,
          snake_1, spider_1, d_20, vaults_1, items_5, swamp_end, shoals_end,
          snake_end, spider_end, vaults_end, d_27, items_6, zot_1, zot_end,
          crypt_end, forest_end, elf_end, slime_end, tomb_end, abyss_end,
          pan_hell_end]

Skill      XL: |  1  2  3  4  5  6  7  8 |
---------------+-------------------------+-----
Fighting       | 1 2 |  2.3
Dodging        | 2 3 4 5 6 |  6.0
Unarmed Combat | 6 8 9 12 13 | 13.0
Spellcasting   | 2 3 5 |  5.2
Transmutations | 2 3 5 |  5.3
Stealth        | |  0.5
Evocations     | |  0.8

Action                   |  1- 3 |  4- 6 |  7- 9 || total
-------------------------+-------+-------+-------++-------
Melee: Unarmed           |    21 |    19 |    14 ||    54
       Kick              |       |     3 |     2 ||     5
       Punch             |       |     3 |       ||     3
       Headbutt          |       |     1 |     2 ||     3
 Cast: Beastly Appendage |     3 |     2 |       ||     5
       Wereblood         |       |     2 |     1 ||     3
       Ice Form          |       |       |     1 ||     1
Evoke: Wand              |       |     3 |       ||     3
  Use: Potion            |     2 |       |     1 ||     3
       Scroll            |       |     1 |     1 ||     2
Armor: Robe              |     5 |     4 |       ||     9
       Skin              |     4 |     3 |     1 ||     8
Dodge: Dodged            |     5 |     6 |     3 ||    14

Table legend: (Time is in decaauts)
 A = Elapsed time spent in this place.
 B = Non-inter-level travel time spent in this place.
 C = Inter-level travel time spent in this place.
 D = Time resting spent in this place.
 E = Time spent auto-exploring this place.
 F = Levels seen in this place.
 G = Mean time per level.
                   A        B        C        D        E       F      G
               +--------+--------+--------+--------+--------+-----+--------+
         Total |    273 |    273 |      0 |    104 |      8 |   1 |  273.0 |
       Dungeon |    273 |    273 |      0 |    104 |      8 |   1 |  273.0 |
               +--------+--------+--------+--------+--------+-----+--------+

Top non-repeatable levels by time:
       D: 273 daAuts
